 Dungeon Crawl Stone Soup version 0.27-a0-1036-g8e1b44f6bd (webtiles) character file.

Game seed: 3188646675021001387

0 spiderkeys the Skirmisher (level 1, 0/18 HPs)
             Began as a Demonspawn Abyssal Knight on Apr 18, 2021.
             Was a Follower of Lugonu.
             Slain by an ufetubus (2 damage)
             ... on level 1 of the Abyss.
             The game lasted 00:01:14 (182 turns).

spiderkeys the Skirmisher (DsAK)                     Turns: 182, Time: 00:01:15

Health: 0/18       AC:  3    Str: 12    XL:     1   Next: 0%
Magic:  2/2        EV: 11    Int: 13    God:    Lugonu [*.....]
Gold:   0          SH:  0    Dex: 12    Spells: 0/0 levels left

rFire    . . .     SeeInvis .   a - +1 spear
rCold    . . .     Faith    .   (no shield)
rNeg     . . .     Spirit   .   b - +0 leather armour
rPois    .         Reflect  .   (no helmet)
rElec    .         Harm     .   (no cloak)
rCorr    .         Rampage  .   (no gloves)
Will     .....                  (no boots)
Stlth    +.........             (no amulet)
HPRegen  0.06/turn              (no ring)
MPRegen  0.08/turn              (no ring)

@: no status effects
A: no striking features
a: Renounce Religion, Depart the Abyss


You were on level 1 of the Abyss.
You worshipped Lugonu.
Lugonu was aware of your devotion.
You visited 0 branches of the dungeon, and saw 0 of its levels.
You visited the Abyss 1 time.


   Skills:
 + Level 3.0 Fighting
 + Level 1.7 Polearms
 + Level 1.7 Armour
 + Level 0.8 Dodging
 + Level 2.4 Invocations


You couldn't memorise any spells.
You didn't know any spells.
Your spell library was empty.

Inventory:

Hand Weapons
 a - a +1 spear (weapon)
Armour
 b - a +0 leather armour (worn)
 c - a +0 plate armour
   (You found it on level 1 of the Abyss)

Dungeon Overview and Level Annotations

Branches:
Dungeon (0/15)

Altars:

.# Xw w. ##. ..
###. .. #..##
#.#.# #.#@.# .#..#
#...5#### ...#
#.####.4.###..# ..
####...## ..#
#....# . #. .##
..###..#.### ####
...... .. .5...#.
..#.##.##...#.#...


You could see a tentacled starspawn, a rust devil, 2 starspawn tentacles and an
ufetubus.


Message History

🤖 Initializing magus.rc ... ✅ Successfully initialized magus.rc [v1.9.10] Welcome, spiderkeys the Demonspawn Abyssal Knight.
Will you prevail where others failed? Will you find the Orb of Zot?
Lugonu says: Depart the Abyss and spread corruption, my servant! (use the ability menu to exit the Abyss) Press ? for a list of commands and other information.
Found a corrupted altar of Lugonu.
A tentacled starspawn comes into view.
Tentacles burst from the starspawn's body! 2 starspawn tentacles come into view.
Found a gateway leading out of the Abyss.
There is a gateway leading out of the Abyss here.
You see here a +0 plate armour.
c - a +0 plate armour Tentacles burst from the starspawn's body! 2 starspawn tentacles come into view.
The starspawn tentacle grabs you.
The starspawn tentacle constricts you. 😕 HP[-3]
You take 3 damage, and now have 15/18 hp.
Unknown command.
The starspawn tentacle's grasp on you weakens, but your attempt to escape fails.
The starspawn tentacle loses its grip on you.
The tentacle pulls you backwards! The starspawn tentacle grabs you.
The starspawn tentacle constricts you. 😮 HP[-3]
You take 3 damage, and now have 12/18 hp.
You escape the starspawn tentacle's grasp.
Tentacles burst from the starspawn's body! 2 starspawn tentacles come into view.
The starspawn tentacle grabs you.
The starspawn tentacle constricts you. 😮 HP[-2]
You take 2 damage, and now have 10/18 hp.
You escape the starspawn tentacle's grasp. 😮 HP[+1] 😮 HP[+1]
A tentacle flies out from the starspawn's body!
A starspawn tentacle comes into view.
A large abomination comes into view.
A tentacle flies out from the starspawn's body!
A starspawn tentacle comes into view. 😮 HP[+1]
A shadow comes into view.
The shadow slips into darkness.
The shadow flickers and vanishes!
Deactivating autopickup; reactivate with Ctrl-A.
An ufetubus comes into view.
The ufetubus hits you.
The ufetubus closely misses you. 😮 HP[-2]
You take 2 damage, and now have 11/18 hp.
The ufetubus barely misses you. The ufetubus closely misses you.
The ufetubus hits you but does no damage.
The ufetubus hits you. 😮 HP[-1]
You take 1 damage, and now have 10/18 hp.
A rust devil comes into view.
The rust devil screeches!
The ufetubus hits you.
* * * LOW HITPOINT WARNING * * *
The ufetubus closely misses you. 😨 HP[-3]
You take 3 damage, and now have 7/18 hp. 😨 HP[+1]
The ufetubus hits you.
* * * LOW HITPOINT WARNING * * *
The ufetubus barely misses you. 😨 HP[-2]
You take 2 damage, and now have 6/18 hp.
The ufetubus hits you.
* * * LOW HITPOINT WARNING * * *
The ufetubus barely misses you. 😱 HP[-4]
You take 4 damage, and now have 2/18 hp.
MASSIVE DAMAGE!! (PAUSE)
A shadow appears from thin air!
Reactivating autopickup. 😱 HP[+1]
The shadow slips into darkness.
The shadow flickers and vanishes!
Deactivating autopickup; reactivate with Ctrl-A.
A stone giant zombie comes into view. 😱 HP[+1]
A lurking horror comes into view. 😨 HP[+1]
A tentacle flies out from the starspawn's body!
A starspawn tentacle comes into view.
The ufetubus hits you.
* * * LOW HITPOINT WARNING * * *
The ufetubus hits you but does no damage. 😱 HP[-2]
You take 2 damage, and now have 3/18 hp.
A tentacled starspawn comes into view.
Tentacles burst from the starspawn's body!
The ufetubus hits you.
* * * LOW HITPOINT WARNING * * *
The ufetubus hits you.
You die...

Action                   || total
-------------------------++-------
Armor: Leather armour    ||     2
Dodge: Dodged            ||     6

Levels and vault maps discovered:
Abyss:1:  base: Temple, minivault_19, base:
Temple

Notes
Turn   | Place    | Note
-------+----------+-------------------------------------------
     0 | Abyss:1  | spiderkeys the Demonspawn Abyssal Knight began the quest
                  | for the Orb.
     0 | Abyss:1  | Reached XP level 1. HP: 18/18 MP: 2/2
     0 | Abyss:1  | magus.rc [v1.9.10]
    29 | Abyss:1  | Noticed a tentacled starspawn
    94 | Abyss:1  | Noticed a large abomination
   103 | Abyss:1  | Noticed a shadow
   114 | Abyss:1  | Noticed a rust devil
   119 | Abyss:1  | HP: 2/18 [ufetubus (4)]
   142 | Abyss:1  | Noticed a stone giant zombie
   180 | Abyss:1  | HP: 3/18 [ufetubus (2)]
   182 | Abyss:1  | Noticed a tentacled starspawn
   182 | Abyss:1  | Slain by an ufetubus

Vanquished Creatures (others)
  13 starspawn tentacles (Abyss:1)
13 creatures vanquished.

Table legend:
 A = Non-vault XP
 B = Vault XP
 C = Vault XP percentage of total XP
 D = Non-vault monster count
 E = Vault monster count
 F = Vault count percentage of total count
                 A         B        C        D         E       F
            +---------+---------+-------+---------+---------+-------
      Total |       0 |       0 |   N/A |       0 |       0 |  -nan
            +---------+---------+-------+---------+---------+-------
            +---------+---------+-------+---------+---------+-------

Illustrated notes

Table legend: (Time is in decaauts)
 A = Elapsed time spent in this place.
 B = Non-inter-level travel time spent in this place.
 C = Inter-level travel time spent in this place.
 D = Time resting spent in this place.
 E = Time spent auto-exploring this place.
 F = Levels seen in this place.
 G = Mean time per level.
                   A        B        C        D        E       F      G
               +--------+--------+--------+--------+--------+-----+--------+
         Total |    182 |    182 |      0 |      0 |     29 |   1 |  182.0 |
         Abyss |    182 |    182 |      0 |      0 |     29 |   1 |  182.0 |
               +--------+--------+--------+--------+--------+-----+--------+

Top non-repeatable levels by time:
 Abyss:1: 182 daAuts
